 Dungeon Sprint DCSS version 0.21.0-25-ge575cb9 (webtiles) character file.

2600000 doot the Conqueror (level 26, -44/242 HPs)
             Began as a Formicid Chaos Knight on Jan 26, 2018.
             Was the Champion of Makhleb.
             Annihilated by a large bag of meat
             ... wielding a +9 giant spiked club
              (107 damage)
             ... in the Dungeon (Sprint VIII: "Arena of Blood").
             The game lasted 00:02:08 (26 turns).

doot the Conqueror (Formicid Chaos Knight)            Turns: 26, Time: 00:02:08

Health: -44/242    AC:  8    Str: 19    XL:     26   Next: 1%
Magic:  22/54      EV: 33    Int: 14    God:    Makhleb [******]
Gold:   0          SH:  0    Dex: 18    Spells: 79/79 levels left

rFire    . . .     SeeInvis +   i - +∞ Axe of Woe
rCold    . . .     Gourm    .   (no shield)
rNeg     . . .     Faith    .   a - +2 leather armour
rPois    .         Spirit   .   (helmet unavailable)
rElec    .         Reflect  .   (no cloak)
rCorr    .         Harm     .   (no gloves)
MR       ++...                  (no boots)
Stlth    +++++++++.             (no amulet)
HPRegen  0.50/turn              (no ring)
MPRegen  0.34/turn              (no ring)

@: no status effects
A: permanent stasis, dig shafts and tunnels, four strong arms, antennae 3
a: Dig, Minor Destruction, Lesser Servant of Makhleb, Major Destruction, Greater
Servant of Makhleb, Renounce Religion


You were in the Dungeon.
You worshipped Makhleb.
Makhleb was exalted by your worship.
You were not hungry.

You visited 1 branch

Inventory:

Hand Weapons
 i - the +∞ Axe of Woe (weapon)
   (You found it in the Dungeon)
Armour
 a - a +2 leather armour (worn)
Scrolls
 h - a scroll of blinking
Potions
 c - a potion of curing
 d - a potion of heal wounds
 e - a potion of haste
 f - 2 potions of magic
 g - a potion of berserk rage
Comestibles
 b - a ration


   Skills:
 O Level 27 Fighting
 O Level 27 Axes
 O Level 27 Throwing
 O Level 27 Armour
 O Level 27 Dodging
 O Level 27 Stealth
 O Level 27 Unarmed Combat
 O Level 27 Spellcasting
 O Level 27 Invocations


You had 79 spell levels left.
You didn't know any spells.

Dungeon Overview and Level Annotations

Branches:
Dungeon (1/1)

Altars:
Makhleb


Innate Abilities, Weirdness & Mutations

You cannot be hasted, slowed, berserked, paralysed or teleported.
You can dig through walls and to a lower floor.
Your four strong arms can wield two-handed weapons with a shield.
You have a pair of large antennae on your head. (SInv)


Message History

A bag of meat comes into view. It is wielding a +9 war axe.
Items here: )) == † a +9 war axe; a +30 ring of slaying; a +9 battleaxe; a +30 ring of slaying a meat berserker corpse You extend your mandibles.
You dig through the rock wall.
A large bag of meat comes into view. It is wielding a +9 giant spiked club.
The bag of meat shouts!
You hear a shout! x4
The meat berserker rages.
You hear a shout! x2
The destroyer hits you with a +9 great sword of slicing!!!!
Ouch! That really hurt!
The destroyer bites you!
* * * LOW HITPOINT WARNING * * *
The destroyer draws strength from your injuries!
The destroyer blinks!
You hear a shout! x2
The large bag of meat misses you.
The large bag of meat hits you with a +9 giant spiked club!!!!
You die...

...................#.
.o....................
...............oo.o#o.
.......#......ooooo..
.......#...)O).oO.O##.
.......###.)oo)oooooo. .
..###......O)ooooo###...
..._..).))..)ooooo......
#......)).)..)#o@V......
#_.<._#.)....oV.OV......
#.....#......#.#O#......
..._.........o..O......V
..###........o#.#O#Oo#..
.. ....###.......oo.#.§.
.......# .........o.o#..
. .....# ..........o#...
. .....


You could see 4 destroyers, 5 large bags of meat, 4 meat berserkers and 36 bags
of meat.

Vanquished Creatures
  18 ogres (D)
  13 orcs (D)
31 creatures vanquished.

Notes
Turn   | Place    | Note
-------+----------+-------------------------------------------
     0 | D        | Found the +∞ Axe of Woe
     0 | D        | doot the Formicid Chaos Knight began the quest for the Orb.
     0 | D        | Reached XP level 1. HP: 18/18 MP: 1/1
     3 | D        | Noticed a bag of meat
     4 | D        | Fell from the grace of Xom
     4 | D        | Became a worshipper of Makhleb the Destroyer
     5 | D        | Noticed a meat berserker
     5 | D        | Noticed a meat berserker
     5 | D        | Noticed a bag of meat
     6 | D        | Killed a meat berserker
     6 | D        | Reached skill level 5 in Dodging
     6 | D        | Reached XP level 2. HP: 58/58 MP: 2/2
     6 | D        | Reached XP level 3. HP: 65/65 MP: 3/3
     6 | D        | Reached XP level 4. HP: 72/72 MP: 4/4
     6 | D        | Reached XP level 5. HP: 79/79 MP: 5/5
     6 | D        | Reached XP level 6. HP: 87/87 MP: 6/6
     6 | D        | Reached XP level 7. HP: 94/94 MP: 7/7
     6 | D        | Reached XP level 8. HP: 101/101 MP: 8/8
     6 | D        | Reached XP level 9. HP: 108/108 MP: 9/9
     6 | D        | Reached XP level 10. HP: 116/116 MP: 10/10
     6 | D        | Reached XP level 11. HP: 122/122 MP: 11/11
     6 | D        | Reached XP level 12. HP: 130/130 MP: 12/12
     6 | D        | Reached XP level 13. HP: 137/137 MP: 13/13
     7 | D        | Noticed a bag of meat
     7 | D        | Noticed a meat berserker
     7 | D        | Noticed a meat berserker
     7 | D        | Killed a bag of meat
     7 | D        | Reached * piety under Makhleb
     7 | D        | Reached XP level 14. HP: 150/150 MP: 14/14
     8 | D        | Noticed a bag of meat
     8 | D        | Noticed a bag of meat
     8 | D        | Killed a meat berserker
     8 | D        | Reached skill level 27 in Fighting
     8 | D        | Reached XP level 15. HP: 159/159 MP: 15/15
     9 | D        | Noticed a meat berserker
     9 | D        | Noticed a meat berserker
    10 | D        | Killed a meat berserker
    10 | D        | Reached skill level 27 in Axes
    10 | D        | Reached XP level 16. HP: 142/167 MP: 16/16
    10 | D        | Reached ** piety under Makhleb
    10 | D        | Reached skill level 10 in Dodging
    10 | D        | Reached XP level 17. HP: 174/174 MP: 17/17
    11 | D        | Killed a meat berserker
    11 | D        | Reached skill level 27 in Armour
    11 | D        | Reached XP level 18. HP: 182/182 MP: 18/18
    11 | D        | Reached *** piety under Makhleb
    12 | D        | Noticed a meat berserker
    14 | D        | Noticed a meat berserker
    14 | D        | Noticed a meat berserker
    14 | D        | Killed a meat berserker
    14 | D        | Reached skill level 27 in Dodging
    14 | D        | Reached XP level 19. HP: 56/189 MP: 19/19
    14 | D        | Reached skill level 10 in Stealth
    14 | D        | Killed a meat berserker
    14 | D        | Reached **** piety under Makhleb
    14 | D        | Reached skill level 15 in Invocations
    16 | D        | Noticed a meat berserker
    16 | D        | Noticed a meat berserker
    16 | D        | Noticed a meat berserker
    16 | D        | Noticed a meat berserker
    17 | D        | Noticed a meat berserker
    18 | D        | Noticed a meat berserker
    18 | D        | Noticed a meat berserker
    18 | D        | Killed a meat berserker
    18 | D        | Reached XP level 20. HP: 197/197 MP: 19/40
    18 | D        | Killed a meat berserker
    19 | D        | Noticed a large bag of meat
    19 | D        | Noticed a meat berserker
    19 | D        | Noticed a meat berserker
    19 | D        | Killed a meat berserker
    19 | D        | Reached XP level 21. HP: 204/204 MP: 20/45
    19 | D        | Killed a meat berserker
    19 | D        | Reached ***** piety under Makhleb
    19 | D        | Reached skill level 27 in Stealth
    19 | D        | Killed a meat berserker
    19 | D        | Reached skill level 27 in Invocations
    19 | D        | Reached XP level 22. HP: 212/212 MP: 20/50
    20 | D        | Noticed a meat berserker
    21 | D        | Noticed a large bag of meat
    21 | D        | Noticed a large bag of meat
    21 | D        | Killed a meat berserker
    21 | D        | Reached skill level 27 in Throwing
    21 | D        | Reached skill level 27 in Spellcasting
    21 | D        | Reached skill level 15 in Unarmed Combat
    21 | D        | Killed a meat berserker
    21 | D        | Reached XP level 23. HP: 219/219 MP: 20/54
    21 | D        | Reached skill level 27 in Unarmed Combat
    22 | D        | Noticed a large bag of meat
    22 | D        | Noticed a destroyer
    22 | D        | Noticed a large bag of meat
    23 | D        | Reached ****** piety under Makhleb
    23 | D        | Reached XP level 24. HP: 110/227 MP: 21/54
    23 | D        | Reached XP level 25. HP: 234/234 MP: 21/54
    24 | D        | Reached XP level 26. HP: 242/242 MP: 21/54
    25 | D        | Noticed a destroyer
    25 | D        | Noticed a destroyer
    26 | D        | Noticed a large bag of meat
    26 | D        | Annihilated by a large bag of meat

Skill      XL: |  1  2  3  4  5  6  7  8  9 10 11 12 13 14 15 16 17 18 19 20 21 22 23 |
---------------+----------------------------------------------------------------------+-----
Fighting       | 24 26 27 | 27.0
Axes           | 18 20 24 27 | 27.0
Armour         | 13 14 18 21 26 27 | 27.0
Dodging        | 5 6 7 9 11 20 27 | 27.0
Throwing       | 16 20 24 27 | 27.0
Stealth        | 20 25 27 | 27.0
Spellcasting   | 16 20 24 27 | 27.0
Invocations    | 18 23 27 | 27.0
Unarmed Combat | 23 27 | 27.0

Action                   |  1- 3 |  4- 6 |  7- 9 | 10-12 | 13-15 | 16-18 | 19-21 | 22-24 | 25-27 || total
-------------------------+-------+-------+-------+-------+-------+-------+-------+-------+-------++-------
Melee: Executioner's axe |     1 |       |       |       |     3 |     2 |     2 |     2 |     1 ||    11
 Abil: Dig               |     1 |       |       |       |       |       |       |       |     1 ||     2
Dodge: Dodged            |       |       |       |       |     1 |       |       |     3 |     2 ||     6
